 Dungeon Crawl Stone Soup version 0.27.1-2-g3b301248ec (webtiles) character file.

Game seed: 6694343745755396408

11 Borgoz the Skirmisher (level 2, -1/19 HPs)
             Began as a Gargoyle Berserker on Sept 23, 2021.
             Was a Follower of Trog.
             Frozen to death by an endoplasm (4 damage)
             ... on level 1 of the Dungeon.
             The game lasted 00:00:27 (406 turns).

Borgoz the Skirmisher (Gargoyle Berserker)           Turns: 406, Time: 00:00:28

Health: -1/19      AC:  5    Str: 26    XL:     2   Next: 25%
Magic:  2/2        EV: 12    Int:  7    God:    Trog [*.....]
Gold:   34         SH:  0    Dex:  9    Spells: 1/1 levels left

rFire    . . .     SeeInvis .   a - +0 mace
rCold    . . .     Faith    .   (no shield)
rNeg     + . .     Spirit   .   b - +0 animal skin
rPois    ∞         Reflect  .   (no helmet)
rElec    +         Harm     .   (no cloak)
rCorr    .         Rampage  .   (no gloves)
Will     .....                  (no boots)
Stlth    +.........             (no amulet)
HPRegen  0.06/turn              c - +6 ring of strength
MPRegen  0.08/turn              (no ring)

@: no status effects
A: sickness immunity, AC +2, negative energy resistance 1, electricity
resistance, torment resistance 1, petrification resistance
a: Renounce Religion, Berserk


You were on level 1 of the Dungeon.
You worshipped Trog.
Trog was aware of your devotion.
You visited 1 branch of the dungeon, and saw 1 of its levels.

You collected 34 gold pieces.

Inventory:

Hand Weapons
 a - a +0 mace (weapon)
Armour
 b - a +0 animal skin (worn)
Jewellery
 c - a +6 ring of strength (left hand)
Scrolls
 f - a scroll of torment {unknown}
 g - a scroll of holy word {unknown}
Potions
 d - a potion of might {unknown}
 e - a potion of invisibility {unknown}
 h - a potion of heal wounds {unknown}


   Skills:
 + Level 3.5 Fighting
 + Level 3.1 Maces & Flails
 + Level 2.4 Armour
 + Level 1.8 Dodging


You had one spell level left.
You didn't know any spells.
Your spell library was empty.

Dungeon Overview and Level Annotations

Branches:
Dungeon (1/15)

Altars:


Innate Abilities, Weirdness & Mutations

You are immune to sickness and miasma.
Your stone body is resilient. (AC +2)
You are immune to poison.
You resist negative energy. (rN+)
You are resistant to electric shocks. (rElec)
You are resistant to unholy torment.
You are immune to petrification.


Message History

The hobgoblin shouts!
The frilled lizard hisses angrily.
A kobold comes into view. It is wielding a +0 short sword.
The hobgoblin closely misses you.
You completely miss the hobgoblin. The hobgoblin misses you.
You hit the hobgoblin but do no damage.
The hobgoblin hits you but does no damage.
An endoplasm comes into view.
The frilled lizard bites you but does no damage.
You closely miss the quokka.
The hobgoblin hits you but does no damage.
The frilled lizard barely misses you.
The quokka bites you but does no damage.
You fail to use your ability.
The hobgoblin hits you.
The quokka bites you but does no damage.
The frilled lizard bites you but does no damage.
You barely miss the quokka. The kobold closely misses you.
The quokka bites you but does no damage.
The hobgoblin barely misses you.
The frilled lizard bites you but does no damage.
The kobold misses you. The hobgoblin barely misses you.
The quokka bites you but does no damage.
You completely miss the quokka.
The frilled lizard bites you but does no damage.
The quokka bites you.
The kobold hits you with a +0 short sword.
The hobgoblin barely misses you.
The frilled lizard bites you but does no damage.
The endoplasm freezes you.
You are frozen.
* * * LOW HITPOINT WARNING * * *
You are too injured to fight recklessly!
Okay, then.
The frilled lizard bites you.
* * * LOW HITPOINT WARNING * * *
The endoplasm barely misses you.
The kobold hits you with a +0 short sword.
* * * LOW HITPOINT WARNING * * *
The endoplasm freezes you.
You are frozen.
You die...

... ..######.
#...#........#..........
#...#........#..........
# ..#........#........#
####.....##.##........##
.........##.##..........
#........##.##.g........
............##.JK.......
..............lr@....#
#...#.#......#.####.##
....#.#..(...#...
###.#.#......###r#
....#.######.# ...
............... ...
##....####....#. ###
##....# ...# ##....#


You could see an endoplasm, a quokka, a hobgoblin, a kobold and a frilled
lizard.

Vanquished Creatures
  A bat (D:1)
  A giant cockroach (D:1)
  A goblin (D:1)
  2 hobgoblins (D:1)
  A ball python (D:1)
  5 rats (D:1)
11 creatures vanquished.

Notes
Turn   | Place    | Note
-------+----------+-------------------------------------------
     0 | D:1      | Borgoz the Gargoyle Berserker began the quest for the Orb.
     0 | D:1      | Reached XP level 1. HP: 14/14 MP: 1/1
   224 | D:1      | Reached XP level 2. HP: 19/19 MP: 2/2
   406 | D:1      | Frozen to death by an endoplasm

Illustrated notes

Levels and vault maps discovered:
D:1:      sevenhm_arrival_forest_fort_small_4, layout_basic

Action                   || total
-------------------------++-------
Melee: Mace              ||    34
Armor: Animal skin       ||    22
Dodge: Dodged            ||    31
